 Dungeon Crawl Stone Soup version 0.18-a0-1350-g404b4cb (webtiles) character file.

44 Duffy the Chopper (level 3, 31/31 HPs)
             Began as a Minotaur Fighter on Feb 18, 2016.
             Quit the game in the Ecumenical Temple.
             The game lasted 00:00:43 (889 turns).

Duffy the Chopper (Minotaur Fighter)                 Turns: 889, Time: 00:00:43

Health: 31/31      AC:  6    Str: 21    XL:     3   Next: 41%
Magic:  2/2        EV:  9    Int:  5    God:
Gold:   55         SH:  0    Dex:  9    Spells: 0 memorised, 2 levels left

rFire  . . .     SeeInvis .     a - +0 war axe
rCold  . . .     Gourm    .     b - +0 scale mail
rNeg   . . .     Faith    .     (no shield)
rPois  .         Spirit   .     (helmet restricted)
rElec  .         Dismiss  .     (no cloak)
rCorr  .         Reflect  .     (no gloves)
SustAt .         Harm     .     (no boots)
MR     .....                    (no amulet)
Stlth  ..........               (no ring)
                                (no ring)

@: not resistant to hostile enchantments, extremely unstealthy
A: retaliatory headbutt, horns 2
a: no special abilities


You were in the Ecumenical Temple.
You were not hungry.

You visited 2 branches of the dungeon, and saw 5 of its levels.

You collected 55 gold pieces.


Innate Abilities, Weirdness & Mutations

You reflexively headbutt those who attack you in melee.
You have a pair of horns on your head.


   Skills:
 - Level 3.6 Fighting
 + Level 4.7 Axes
 - Level 3.6 Armour
 - Level 3.6 Shields


You had 2 spell levels left.
You didn't know any spells.

Inventory:

Hand Weapons
 a - a +0 war axe (weapon)
Armour
 b - a +0 scale mail (worn)
 c - a +0 shield
Jewellery
 g - an uncursed amulet of harm {unknown}
 n - an uncursed ring of resist corrosion {unknown}
Scrolls
 e - a scroll of identify {unknown}
 k - a scroll of remove curse {unknown}
 m - a scroll of recharging {unknown}
Potions
 d - a potion of might
 h - 2 potions of brilliance {unknown}
 j - a potion of cancellation {unknown}
 l - 2 potions of agility {unknown}
Comestibles
 f - a bread ration
 i - a beef jerky

Dungeon Overview and Level Annotations

Branches:
Dungeon (4/15)             Temple (1/1) D:4

Altars:
Fedhas
Gozag
Kikubaaqudgha
Nemelex Xobeh
Sif Muna
The Shining One


Message History

You kill the quokka!
No target in view!
A giant cockroach comes into view.
There is a stone staircase leading down here.
You climb downwards.
There is a stone staircase leading up here.
HP restored.
Found an escape hatch in the floor.
Found a staircase to the Ecumenical Temple.
An adder comes into view.
Found 18 stones.
There is a staircase to the Ecumenical Temple here.
You climb downwards.
Welcome to the Ecumenical Temple!
There is a staircase back to the Dungeon here.
Found an opulent altar of Gozag.
Found two altars.
Found a sparkling altar of Nemelex Xobeh.
Found a blossoming altar of Fedhas and an ancient bone altar of Kikubaaqudgha.
There is an ancient bone altar of Kikubaaqudgha here.
There is a deep blue altar of Sif Muna here.
There is a glowing golden altar of the Shining One here.
There is a staircase back to the Dungeon here.
Partly explored, can't reach some places.
Partly explored, can't reach some places.
Partly explored, can't reach some places.
Partly explored, can't reach some places.
Partly explored, can't reach some places.
Partly explored, can't reach some places.
Partly explored, can't reach some places.
Partly explored, can't reach some places.
Partly explored, can't reach some places.
Partly explored, can't reach some places.
Partly explored, can't reach some places.
Partly explored, can't reach some places.
Are you sure you want to abandon this character and quit the game? (Confirm with "yes".)

.~................~~##
......~~~~~~.....~~##
.........~~~~~~.~~##
..<........~~~~~~##
.....~~~......~~~~##
.......~~~......~~~##
...~....~~~......~~~##
~~~~....~~~~..._..~~~##
~~~.....~~~.....@..~~~#
~......~~~~~~~~~~~~~~~~#
......~~~###############
.._..~~~## ~...~~~##
~~.~~~## ~~~~~## #~~~##
##~##


There were no monsters in sight!

Action                   || total
-------------------------++-------
Melee: War axe           ||    30

Notes
Turn   | Place    | Note
--------------------------------------------------------------
     0 | D:1      | Duffy the Minotaur Fighter began the quest for the Orb.
     0 | D:1      | Reached XP level 1. HP: 19/19 MP: 0/0
    51 | D:2      | Reached skill level 3 in Axes
    96 | D:2      | Reached XP level 2. HP: 26/26 MP: 1/1
   290 | D:2      | Reached skill level 4 in Axes
   291 | D:2      | Reached XP level 3. HP: 13/31 MP: 2/2
   693 | D:4      | Found a staircase to the Ecumenical Temple.
   703 | Temple   | Entered the Ecumenical Temple
   889 | Temple   | Quit the game

Vault maps used:
D:1:      mrwooster_arrival_statue
D:2:      minivault_27
D:3:      kennysheep_big_flooded_room, nicolae_ru_sacrificial_ziggurat
D:4:      nicolae_overflow_hidden_temple, minmay_temple_entry_overgrown,
          uniq_natasha, uniq_crazy_yiuf_cottage
Temple:   hc_temple_tempest_star_small

Vanquished Creatures
  3 gnolls
  2 worms
  A bat
  2 giant cockroaches
  A goblin
  2 quokkas
11 creatures vanquished.
